 Dungeon Crawl Stone Soup version 0.22-a0-247-gbddf880 (webtiles) character file.

546 MatthieuS the Slasher (level 7, -8/55 HPs)
             Began as a Demonspawn Berserker on Feb 25, 2018.
             Was a Priest of Trog.
             Mangled by a hornet (14 damage)
             ... while paralysed by a hornet
             ... on level 4 of the Dungeon.
             The game lasted 00:11:19 (4187 turns).

MatthieuS the Slasher (Demonspawn Berserker)        Turns: 4187, Time: 00:11:20

Health: -8/55      AC:  6    Str: 18    XL:     7   Next: 6%
Magic:  7/7        EV:  2    Int:  9    God:    Trog [***...]
Gold:   284        SH:  0    Dex: 13    Spells: 6/6 levels left

rFire    + . .     SeeInvis .   a - +0 falchion
rCold    + . .     Gourm    .   (no shield)
rNeg     . . .     Faith    .   q - +0 scale mail
rPois    .         Spirit   .   (helmet restricted)
rElec    .         Reflect  .   u - scarf {rC+ rF+}
rCorr    .         Harm     .   (no gloves)
MR       .....                  (no boots)
Stlth    +.........             (no amulet)
HPRegen  0.18/turn              (no ring)
MPRegen  0.10/turn              (no ring)

@: paralysed, lethally poisoned (-8 -> -29), slowed
A: antennae 1, demonic guardian 1, nightstalker 1
a: Berserk, Trog's Hand, Renounce Religion


You were on level 4 of the Dungeon.
You worshipped Trog.
Trog was most pleased with you.
You were not hungry.

You visited 1 branch of the dungeon, and saw 5 of its levels.

You collected 284 gold pieces.

Inventory:

Hand Weapons
 a - a +0 falchion (weapon)
 k - a +1 whip of venom
 w - a +2 hunting sling of flaming
Missiles
 y - 44 stones (quivered)
 z - 8 sling bullets
Armour
 m - a +0 helmet
 q - a +0 scale mail (worn)
 s - a cursed +0 ring mail
 u - a scarf of resistance (worn)
Wands
 n - a wand of digging (15)
Scrolls
 b - a scroll of fog {unknown}
 f - 6 scrolls of remove curse {unknown}
 g - a scroll of blinking {unknown}
 h - 4 scrolls of teleportation {unknown}
 i - 2 scrolls of noise {unknown}
 j - 2 scrolls of fear {unknown}
 l - 2 scrolls of identify {unknown}
 o - 3 scrolls of amnesia {unknown}
 p - a scroll of random uselessness {unknown}
Potions
 e - a potion of lignification {unknown}
 r - 4 potions of curing {unknown}
 t - a potion of might
 v - 2 potions of heal wounds {unknown}
 x - 5 potions of degeneration {unknown}
 A - a potion of haste {unknown}
Comestibles
 c - 7 rations
 d - 2 chunks of flesh


   Skills:
 + Level 4.4 Fighting
 * Level 5.1 Long Blades
 + Level 3.4 Armour
 + Level 3.4 Dodging


You had 6 spell levels left.
You didn't know any spells.

Dungeon Overview and Level Annotations

Branches:
Dungeon (5/15)             Temple (0/1) D:4

Altars:
Okawaru
Qazlal
Trog
Xom


Innate Abilities, Weirdness & Mutations

You have a pair of small antennae on your head.
A weak demonic guardian rushes to your aid.
You are slightly more attuned to the shadows.


Message History

You slash the hornet!
The hornet is heavily wounded.
You feel very sick. The hornet stings you!
You feel as though you will be slow longer.
Your iron imp misses the hornet.
The hornet barely misses you.
You riposte.
You slash the hornet!
The hornet is severely wounded.
Your iron imp closely misses the hornet.
You are too injured to fight recklessly!
Unknown command.
Unknown command.
You are too injured to fight recklessly!
You hit the hornet but do no damage.
The hornet is severely wounded.
You feel sick. The hornet stings you!
* * * LOW HITPOINT WARNING * * *
You are more poisoned.
You suddenly lose the ability to move!
The hornet stings you!
You die...

#..###..##.#.#
#......#####.#
##.####.###.#
##.#.#
.####...######
.............#
#####...####.#
#. #.##.#.##
#..###.#.###@#
#.......##
##y..#
#.......# .5.#
###.###.# #..#
.. ..# ..# .##
..# .. (# ..


You could see a hornet and a friendly iron imp.

Vanquished Creatures
  2 phantoms (D:4)
  8 adders
  An ooze (D:3)
  2 adder skeletons
  3 worms
  2 dart slugs
  A leopard gecko (D:3)
  14 orcs
  A ball python (D:3)
  3 giant cockroaches
  10 goblins
  4 hobgoblins
  5 jackals
  4 bats
  3 frilled lizards
  5 kobolds
  A leopard gecko skeleton (D:4)
  9 rats
78 creatures vanquished.

Vanquished Creatures (collateral kills)
  The ghost of enarc13 the Bolt Thrower, an amateur BaHu (D:4)
  An orc priest (D:4)
  A bullfrog skeleton (D:4)
  An orc wizard (D:4)
  3 orcs (D:4)
  2 jackals (D:4)
  A frilled lizard (D:4)
10 creatures vanquished.

Grand Total: 88 creatures vanquished

Notes
Turn   | Place    | Note
-------+----------+-------------------------------------------
     0 | D:1      | MatthieuS the Demonspawn Berserker began the quest for the Orb.
     0 | D:1      | Reached XP level 1. HP: 18/18 MP: 1/1
   461 | D:1      | Gained mutation: A weak demonic guardian rushes to your aid. [demonic ancestry]
   461 | D:1      | Reached XP level 2. HP: 19/24 MP: 2/2
   716 | D:1      | Reached skill level 3 in Long Blades
  1050 | D:2      | Reached XP level 3. HP: 21/29 MP: 3/3
  1450 | D:2      | Found a stormy altar of Qazlal.
  1876 | D:2      | Reached ** piety under Trog
  1876 | D:2      | Reached XP level 4. HP: 19/35 MP: 4/4
  2019 | D:2      | Found a shimmering altar of Xom.
  2156 | D:3      | Found an iron altar of Okawaru.
  2209 | D:3      | You fall through a shaft for 2 floors!
  2209 | D:5      | Entered Level 5 of the Dungeon
  2266 | D:4      | Found a staircase to the Ecumenical Temple.
  2639 | D:4      | Noticed a phantom
  2654 | D:4      | Reached XP level 5. HP: 23/41 MP: 5/5
  2715 | D:4      | Killed a phantom
  2715 | D:4      | Reached skill level 4 in Long Blades
  3405 | D:3      | Gained mutation: You have a pair of small antennae on your head. [demonic ancestry]
  3405 | D:3      | Reached XP level 6. HP: 48/48 MP: 6/6
  3754 | D:3      | Reached *** piety under Trog
  3890 | D:4      | Noticed enarc13's ghost (amateur BaHu)
  3908 | D:4      | Killed enarc13's ghost
  3978 | D:4      | Noticed a moth of wrath
  3981 | D:4      | Found a bloodstained altar of Trog.
  4117 | D:4      | Reached skill level 5 in Long Blades
  4117 | D:4      | Gained mutation: You are slightly more attuned to the shadows. [demonic ancestry]
  4117 | D:4      | Reached XP level 7. HP: 46/55 MP: 7/7
  4178 | D:4      | Noticed a hornet
  4187 | D:4      | Paralysed by a hornet for 3 turns
  4187 | D:4      | Mangled by a hornet

Vault maps used:
D:1:      roderic_chinese_lattice_arrival, minmay_pentomino_r2
D:2:      grunt_qazlal_clouds, minmay_misc_feat_more_columns, tgw_xom
D:3:      corexii_shack_village, okawaru_trees_1, first_ration
D:4:      chequers_temple_overflow_minitemple, tgw_trog,
          minmay_temple_entry_glass, hangedman_decor_peaks_small,
          hex_intersection
D:5:      lemuel_coloured_pillars_altar, serial_shops,
          nicolae_shop_behind_doors, nicolae_shop_statue_plus, shop,
          nemelex_lonely_heart_becter

Skill      XL: |  1  2  3  4  5  6 |
---------------+-------------------+-----
Armour         | 2 3 |  3.4
Dodging        | 2 3 |  3.4
Long Blades    | 3 4 5 |  5.1
Fighting       | 4 |  4.4

Action                   |  1- 3 |  4- 6 |  7- 9 || total
-------------------------+-------+-------+-------++-------
Melee: Falchion          |    97 |    78 |     4 ||   179
       Whip              |       |   126 |       ||   126
 Fire: Hunting sling     |       |    32 |     6 ||    38
Invok: Berserk           |     4 |     1 |       ||     5
       Trog's Hand       |       |     1 |       ||     1
  Use: Potion            |     1 |     1 |       ||     2
 Stab: Sleeping          |     1 |       |       ||     1
       Distracted        |       |     1 |       ||     1
  Eat: Chunk             |     6 |     6 |       ||    12
       Ration            |       |     1 |       ||     1
Armor: Animal skin       |    17 |       |       ||    17
       Leather armour    |     5 |       |       ||     5
       Ring mail         |     9 |    13 |       ||    22
       Scale mail        |       |    63 |       ||    63
Dodge: Dodged            |    80 |    89 |     1 ||   170
       Rpst.: Falchion   |    28 |     8 |     1 ||    37

Table legend:
 A = Spawn XP
 B = Non-spawn XP
 C = Spawn XP percentage of total XP
 D = Spawn monster count
 E = Non-spawn monster count
 F = Spawn count percentage of total count
 G = Total turns spent on level
                    A         B        C        D         E        F      G
               +---------+---------+-------+---------+---------+-------+---------
         Total |       0 |     781 |   0.0 |       0 |      88 |   0.0 |  4187
               +---------+---------+-------+---------+---------+-------+---------
           D:1 |       0 |      17 |   0.0 |       0 |      11 |   0.0 |   907
           D:2 |       0 |      80 |   0.0 |       0 |      17 |   0.0 |  1245
           D:3 |       0 |      91 |   0.0 |       0 |      29 |   0.0 |  1022
           D:4 |       0 |     588 |   0.0 |       0 |      30 |   0.0 |   975
           D:5 |       0 |       5 |   0.0 |       0 |       1 |   0.0 |    38
               +---------+---------+-------+---------+---------+-------+---------
